 Dungeon Crawl Stone Soup version 0.30.1-11-g7821555f0a (webtiles) character file.

Game seed: 14448093278920487026

73 Okkudo the Covered (level 4, -4/40 HPs)
             Began as a Hill Orc Fighter on Nov 26, 2023.
             Succumbed to Sigmund's poison
             ... on level 4 of the Dungeon.
             The game lasted 00:17:14 (2246 turns).

Okkudo the Covered (Hill Orc Fighter)               Turns: 2246, Time: 00:17:15

Health: -4/40      AC: 10    Str: 22    XL:     4   Next: 27%
Magic:  4/4        EV:  9    Int: 14    God:
Gold:   94         SH:  0    Dex: 10    Spells: 3/3 levels left

rFire   . . .        b - +4 hand axe (vamp)
rCold   . . .        c - +0 buckler
rNeg    . . .        f - +3 scale mail "Nanod" {Fly rF- Str+2}
rPois   .            (no helmet)
rElec   .            (no cloak)
rCorr   .            (no gloves)
SInv    .            (no boots)
Will    .....        (no amulet) Stlth
                     j - +6 ring of intelligence
HPRegen 0.26/turn    i - ring of protection from fire
MPRegen 0.09/turn

%: no passive effects
@: confused, lethally poisoned (-4 -> -25), flying
A: no striking features
a: no special abilities


You were on level 4 of the Dungeon.
You visited 1 branch of the dungeon, and saw 4 of its levels.

You collected 94 gold pieces.

Inventory:

Hand Weapons
 b - a +4 vampiric hand axe (weapon)
 g - a +0 hand axe of freezing
Missiles
 h - 3 poisoned darts (quivered)
Armour
 c - a +0 buckler (worn)
 f - the +3 scale mail "Nanod" (worn) {Fly rF- Str+2}
   (You found it on level 2 of the Dungeon)

   Str:       It affects your strength (+2).
   rF:        It makes you vulnerable to fire.
   Fly:       It grants you flight.
Jewellery
 i - a ring of protection from fire (right hand)
 j - a +6 ring of intelligence (left hand)
Wands
 e - a wand of flame (5)
Scrolls
 a - a scroll of torment {unknown}
 k - 2 scrolls of amnesia {unknown}
 l - a scroll of blinking {unknown}
 n - 2 scrolls of magic mapping {unknown}
 o - 5 scrolls of identify {unknown}
 p - a scroll of teleportation {unknown}
 q - a scroll of enchant armour {unknown}
Potions
 d - a potion of curing
 m - a potion of haste {unknown}
 r - a potion of heal wounds {unknown}


   Skills:
 + Level 4.1 Fighting
 + Level 3.9 Axes
 + Level 4.1 Armour
 + Level 0.2 Dodging
 + Level 3.7 Shields


You had 3 spell levels left.
You didn't know any spells.
Your spell library contained the following spells:

 Spells                   Type           Power      Damage    Failure   Level
 Slow                     Hex            0%         N/A       65%         1
 Poisonous Vapours        Pois/Air       0%         N/A       80%         2
 Confusing Touch          Hex            0%         N/A       95%         3
 Inner Flame              Hex/Fire       0%         N/A       95%         3
 Mephitic Cloud           Conj/Pois/Air  0%         N/A       95%         3
 Vampiric Draining        Necr           0%         2d6       95%         3
 Freezing Cloud           Conj/Ice/Air   0%         6-21      100%        5
 Yara's Violent Unravell  Hex/Tmut       0%         3d3       100%        5
 Enfeeble                 Hex            0%         N/A       100%        7


Dungeon Overview and Level Annotations

Branches:
Dungeon (4/15)
 Temple: D:4-7

Altars:
Trog

Annotations:
D:4 Sigmund


Message History

Sigmund points at you and mumbles some strange words.
You resist with some effort. Sigmund gestures at you while chanting.
The magic dart hits you!
A dart slug comes into view.
Found a stone staircase leading up.
The dart slug launches a dart at you. The slug dart misses you.
The dart slug launches a dart at you. The slug dart hits you.
The dart slug launches a dart at you. The slug dart hits you.
Sigmund mumbles some strange words.
Sigmund flickers and vanishes!
Deactivating autopickup; reactivate with Ctrl-A.
Found a ring mail.
Found 8 gold pieces.
Sigmund gestures wildly while chanting.
Sigmund flickers and vanishes!
An endoplasm is nearby!
You slash the endoplasm!
You kill the endoplasm!
A magic dart appears from out of thin air!
The magic dart hits you.
You hear some strange, mumbled words.
You are confused.
You bump into the rock wall.
Something hits you!
You are poisoned.
You completely miss something.
You feel very sick.
You feel sick. Something hits you!
* * * LOW HITPOINT WARNING * * *
You are lethally poisoned!
You bump into the rock wall.
* * * LOW HITPOINT WARNING * * *
You feel very sick. Something hits you.
* * * LOW HITPOINT WARNING * * *
You are more poisoned.
You die...

##.. .... .... ########
..# #......# ...# ..
#...@..#####...# #.
#......{.......# #...
#......###.#...# #...
#......# #.# ... ..<
#......# #.# #####.
#......# #.#. ......
#......# #.##. ####.
####......###{##.######.
..............#.........


There were no monsters in sight!

Vanquished Creatures
  2 adders (D:3)
  2 worms
  3 dart slugs
  An orc (D:3)
  3 ball pythons
  5 bats
  5 endoplasms
  5 giant cockroaches
  4 hobgoblins
  A quokka (D:2)
  A frilled lizard (D:3)
  A goblin (D:2)
  4 kobolds
  4 rats
41 creatures vanquished.

Notes
Turn   | Place    | Note
-------+----------+-------------------------------------------
     0 | D:1      | Okkudo the Hill Orc Fighter began the quest for the Orb.
     0 | D:1      | Reached XP level 1. HP: 19/19 MP: 1/1
    40 | D:1      | You fall into a shaft and drop 1 floor!
    76 | D:2      | Identified the +3 scale mail "Nanod" {Fly rF- Str+2}
   216 | D:2      | Reached XP level 2. HP: 27/27 MP: 2/2
   992 | D:2      | Reached XP level 3. HP: 33/33 MP: 3/3
  1417 | D:3      | Found a bloodstained altar of Trog.
  1542 | D:3      | Reached XP level 4. HP: 37/40 MP: 4/4
  2147 | D:4      | Noticed Sigmund
  2245 | D:4      | HP: 1/40 [something (3)]
  2246 | D:4      | Succumbed to Sigmund's poison

Illustrated notes

Levels and vault maps discovered:
D:1:      dpeg_arrival_more_subterranean_lakeside_camping, layout_loops_ring
D:2:      layout_loops_ring
D:3:      layout_rooms, bloody_trog
D:4:      layout_basic, minmay_temple_entry_overgrown, ebering_ghost_gozag,
          uniq_sigmund

Skill      XL: |  1  2  3 |
---------------+----------+-----
Fighting       | 4 |  4.1
Axes           | 3 |  3.9
Armour         | 4 |  4.1
Dodging        | |  0.2
Shields        | |  3.7

Action                     |  1- 3 |  4- 6 || total
---------------------------+-------+-------++-------
  Melee: War axe           |    10 |       ||    10
         Hand axe          |    89 |    12 ||   101
    Use: Potion            |       |     2 ||     2
 Armour: Scale mail        |    49 |     8 ||    57
  Dodge: Dodged            |    41 |     6 ||    47
  Block: Buckler           |    19 |     1 ||    20
